 Dungeon Crawl Stone Soup version 0.30-a0-830-gfe289a77b0 (webtiles) character file.

Game seed: 15969477198162479935

9764 retardedninja the Blocker (level 11, -3/97 HPs)
             Began as a Gnoll Fighter on Feb 28, 2023.
             Was a Priest of Cheibriados.
             Slain by Erolcha
             ... wielding a +0 giant club
              (55 damage)
             ... on level 10 of the Dungeon.
             The game lasted 00:21:08 (14629 turns).

retardedninja the Blocker (Gnoll Fighter)          Turns: 14629, Time: 00:21:08

Health: -3/97      AC: 22    Str: 31    XL:     11   Next: 51%
Magic:  23/23      EV: 12    Int: 16    God:    Cheibriados [***...]
Gold:   427        SH:  8    Dex: 24    Spells: 26/26 levels left

rFire   . . .      SeeInvis .    w - +1 flail (flame)
rCold   . . .      Faith    .    c - +0 buckler
rNeg    . . .      Spirit   .    p - +0 plate armour
rPois   .          Reflect  .    k - +1 helmet
rElec   .          Harm     .    (no cloak)
rCorr   .          Rampage  .    l - +0 pair of gloves
Will    .....                    (no boots) Stlth
                                 (no amulet)
HPRegen 0.36/turn                e - +4 ring of protection
MPRegen 0.18/turn                x - +6 ring of dexterity

@: studying Spellcasting, very slow
A: fangs 1, strong nose, distributed training, robust 1, screaming 1, strong 1
a: Renounce Religion, Bend Time, Temporal Distortion


You were on level 10 of the Dungeon.
You worshipped Cheibriados.
Cheibriados was most pleased with you.
You visited 2 branches of the dungeon, and saw 11 of its levels.
You also visited: Bailey.

You collected 544 gold pieces.
You spent 117 gold pieces at shops.

Inventory:

Hand Weapons
 w - a +1 flail of flaming (weapon)
Missiles
 o - 2 javelins (quivered)
Armour
 c - a +0 buckler (worn)
 k - a +1 helmet (worn)
 l - a +0 pair of gloves (worn)
 p - a +0 plate armour (worn)
Jewellery
 a - a +4 ring of protection
 e - a +4 ring of protection (left hand)
 x - a +6 ring of dexterity (right hand)
Scrolls
 b - 2 scrolls of amnesia
 f - 4 scrolls of teleportation
 j - a scroll of blinking {unknown}
 m - a scroll of torment {unknown}
 n - 2 scrolls of identify
 q - a scroll of vulnerability {unknown}
 s - a scroll of poison {unknown}
 v - a scroll of noise {unknown}
 y - 2 scrolls of enchant weapon {unknown}
Potions
 d - a potion of invisibility {unknown}
 g - a potion of magic {unknown}
 h - 3 potions of brilliance
 i - 3 potions of heal wounds
 u - a potion of attraction


   Skills:
 + Level 9.4 Fighting
 + Level 6.6 Short Blades
 + Level 6.6 Long Blades
 + Level 6.6 Axes
 + Level 8.1 Maces & Flails
 + Level 6.6 Polearms
 + Level 6.6 Staves
 + Level 6.6 Ranged Weapons
 + Level 6.6 Throwing
 + Level 9.4 Armour
 + Level 6.6 Dodging
 + Level 6.6 Stealth
 + Level 9.4 Shields
 + Level 6.6 Unarmed Combat
 + Level 8.3 Spellcasting
 + Level 5.4 Conjurations
 + Level 5.4 Hexes
 + Level 5.4 Summonings
 + Level 5.4 Necromancy
 + Level 5.4 Translocations
 + Level 5.4 Transmutations
 + Level 5.4 Fire Magic
 + Level 5.4 Ice Magic
 + Level 5.4 Air Magic
 + Level 5.4 Earth Magic
 + Level 5.4 Poison Magic
 + Level 7.2 Invocations
 + Level 6.6 Evocations


You had 26 spell levels left.
You didn't know any spells.
Your spell library contained the following spells:

 Spells                   Type           Power      Damage    Failure   Level
 Manifold Assault         Tloc           24%        N/A       69%         4
 Alistair's Intoxication  Tmut/Pois      16%        N/A       95%         5
 Borgnjor's Vile Clutch   Necr/Erth      12%        N/A       95%         5
 Conjure Ball Lightning   Conj/Air       12%        3x3d6     100%        6
 Dispersal                Tloc           12%        N/A       100%        6
 Eringya's Noxious Bog    Tmut/Pois      12%        N/A       100%        6
 Discord                  Hex            12%        N/A       100%        8
 Disjunction              Tloc           12%        N/A       100%        8


Dungeon Overview and Level Annotations

Branches:
Dungeon (10/15)            Temple (1/1) D:5            Lair (0/5) D:8
 Bailey (visited)
    Orc: D:9-12

Altars:
Ashenzari
Cheibriados
Dithmenos
Elyvilon
Fedhas
Gozag
Hepliaklqana
Kikubaaqudgha
Makhleb
Nemelex Xobeh
Okawaru
Qazlal
Ru
Sif Muna
Trog
Uskayaw
Vehumet
Wu Jian
Xom
Yredelemnul
Zin
The Shining One

Shops:
D:2 (   D:3 [   D:5 (

Annotations:
D:9 3 runed translucent doors
D:10 Erolcha


Innate Abilities, Weirdness & Mutations

You have very sharp teeth.
Your uncanny sense of smell can sniff out nearby items.
Your experience applies equally to all skills.
You are robust. (+10% HP)
You occasionally shout uncontrollably at your foes.
Your muscles are strong. (Str +4, Int/Dex -1)


Message History

Cheibriados thoroughly appreciates the change of pace.
You see here a +0 dire flail.
You start resting.
HP restored.
You start waiting.
Done waiting.
You start waiting.
Done waiting.
You now have 394 gold pieces (gained 11).
You can no longer inflict damage on those overly hasty.
Cheibriados lowers the support of your attributes as your movement quickens.
Found a stone staircase leading down.
n - 2 scrolls of identify (gained 1)
Found a plate armour.
You now have 408 gold pieces (gained 14).
You now have 427 gold pieces (gained 19).
Found a long sword.
You see here a +0 plate armour.
p - a +0 plate armour You start removing your armour.
You continue taking off your +0 chain mail. x4
You finish taking off your +0 chain mail.
You start putting on your armour.
You continue putting on your +0 plate armour. x5
You finish putting on your +0 plate armour.
You drop a +0 chain mail.
You open the door.
There is an open door here.
h - 3 potions of brilliance (gained 1) Erolcha the Cunning comes into view.
She is wielding a +0 giant club.
Found 21 gold pieces.
Erolcha shouts!
Erolcha casts a spell.
Erolcha flickers and vanishes!
Deactivating autopickup; reactivate with Ctrl-A.
Something hits you!!!
You miss something. You barely miss something. Something hits you!!!
Ouch! That really hurt!
You die...

,,,,,*******#..,,**#......#.#....
,,,,,****** #.$..# *#.......'....
*+***,,,,,* #....# #..#.##.#...[
,,,**,***,**#....####..#....#....
,,,**,* *,,,#....##....#..###....
,,,**,* ***,#....#....#.....#....
,,,,,,*****,#........###......#..
***,,,,,,...####.....# ##.....#..
,,*+******#....{@....# #.##..#..
,,,,,,,,,,#.###...$..####.##..#..
,,,,,,,,,,*.....#....#........##.
,,,,,,,,,,*#########.#.###.##....
,,,,,,,,,,,,,,,,,,,#.#,* #.###...
*,,,,,,,,,,*******,*.#,**#.#,,.##
,,,,,,,,,,,* *,*.#.....#,*##∆
,,,,**,,,,,* *****,*,#.)....,*8**
,,,,**,,,,,***,,,,,*,#.##.#.#**+,


There were no monsters in sight!

Vanquished Creatures
  2 two-headed ogres
  A gargoyle (D:10)
  A troll (D:8)
  2 hornets (D:9)
  6 spriggans (Bailey)
  2 wyverns (D:8)
  5 yaks (D:10)
  3 steam dragons
  2 vampire mosquitoes (D:10)
  Duvessa (D:6)
  A water moccasin (D:7)
  A black bear (D:8)
  An orc warrior (D:6)
  4 ice beasts
  2 sky beasts (D:6)
  11 ogres
  2 wolves (D:8)
  5 centaurs
  A kobold brigand (D:8)
  2 phantoms (D:6)
  Blork the orc (D:4)
  A bullfrog (D:9)
  A gnoll sergeant (D:6)
  A scorpion (D:5)
  7 necrophages
  9 wights
  Dowan (D:6)
  2 killer bees (D:9)
  4 electric eels (D:8)
  A howler monkey (D:9)
  A jelly (D:6)
  11 hounds
  5 orc priests
  4 iguanas
  7 orc wizards
  7 adders
  5 gnolls (D:6)
  A shadow imp (D:7)
  2 white imps
  2 ufetubi
  4 worms
  4 dart slugs
  41 orcs
  7 ball pythons
  4 bats
  8 endoplasms
  8 giant cockroaches
  7 goblins
  10 hobgoblins
  4 jackals (D:2)
  14 kobolds
  4 quokkas
  7 frilled lizards
  A jackal zombie (D:4)
  9 rats
  2 bushes (D:4)
262 creatures vanquished.

Vanquished Creatures (others)
  An orc wizard (D:8)
  12 plants (D:4)
13 creatures vanquished.

Grand Total: 275 creatures vanquished

Notes
Turn   | Place    | Note
-------+----------+-------------------------------------------
     0 | D:1      | retardedninja the Gnoll Fighter began the quest for the
                  | Orb.
     0 | D:1      | Reached XP level 1. HP: 23/23 MP: 1/1
   203 | D:1      | Reached XP level 2. HP: 25/29 MP: 2/2
   425 | D:1      | Reached XP level 3. HP: 9/35 MP: 3/3
   749 | D:1      | Reached skill level 1 in Invocations
   894 | D:1      | Found a faded altar of an unknown god.
  1219 | D:2      | Found Lent's Weapon Shop.
  1234 | D:2      | Reached skill level 1 in Short Blades
  1234 | D:2      | Reached skill level 1 in Long Blades
  1234 | D:2      | Reached skill level 1 in Axes
  1234 | D:2      | Reached skill level 1 in Polearms
  1234 | D:2      | Reached skill level 1 in Staves
  1234 | D:2      | Reached skill level 1 in Ranged Weapons
  1234 | D:2      | Reached skill level 1 in Throwing
  1234 | D:2      | Reached skill level 1 in Dodging
  1234 | D:2      | Reached skill level 1 in Stealth
  1234 | D:2      | Reached skill level 1 in Unarmed Combat
  1234 | D:2      | Reached skill level 1 in Spellcasting
  1234 | D:2      | Reached skill level 1 in Evocations
  1426 | D:2      | Reached XP level 4. HP: 39/41 MP: 5/5
  1626 | D:2      | Reached skill level 1 in Conjurations
  1626 | D:2      | Reached skill level 1 in Hexes
  1626 | D:2      | Reached skill level 1 in Summonings
  1626 | D:2      | Reached skill level 1 in Necromancy
  1626 | D:2      | Reached skill level 1 in Translocations
  1626 | D:2      | Reached skill level 1 in Transmutations
  1626 | D:2      | Reached skill level 1 in Fire Magic
  1626 | D:2      | Reached skill level 1 in Ice Magic
  1626 | D:2      | Reached skill level 1 in Air Magic
  1626 | D:2      | Reached skill level 1 in Earth Magic
  1626 | D:2      | Reached skill level 1 in Poison Magic
  1705 | D:2      | Found a snail-covered altar of Cheibriados.
  1977 | D:2      | Became a worshipper of Cheibriados the Contemplative
  2310 | D:3      | Reached XP level 5. HP: 27/47 MP: 5/7
  2827 | D:3      | Found Amoo's Antique Armour Shoppe.
  2867 | D:3      | Bought a chain mail for 117 gold pieces
  3019 | D:3      | Reached * piety under Cheibriados
  3026 | D:3      | Reached XP level 6. HP: 27/53 MP: 8/8
  3514 | D:4      | Reached skill level 5 in Maces & Flails
  3973 | D:4      | Reached XP level 7. HP: 60/60 MP: 10/10
  4064 | D:4      | Found a blossoming altar of Fedhas.
  4163 | D:4      | Reached XP level 8. HP: 43/67 MP: 12/12
  4227 | D:4      | Reached ** piety under Cheibriados
  4314 | D:4      | Noticed Blork the orc
  4331 | D:4      | Killed Blork the orc
  4756 | D:5      | Entered Level 5 of the Dungeon
  4822 | D:5      | Found a staircase to the Ecumenical Temple.
  4885 | Temple   | Entered the Ecumenical Temple
  5264 | D:5      | Found Suelarup's Weapon Shop.
  5359 | D:5      | You fall into a shaft and drop 3 floors!
  5360 | D:8      | Noticed a troll
  5373 | D:8      | Killed a troll
  5399 | D:8      | Reached XP level 9. HP: 73/73 MP: 14/14
  5781 | D:8      | Reached *** piety under Cheibriados
  5966 | D:8      | Found a staircase to the Lair.
  7171 | D:7      | Found a broken altar of Ashenzari.
  7322 | D:6      | Noticed Dowan
  7322 | D:6      | Noticed Duvessa
  7325 | D:6      | Killed Dowan
  7342 | D:6      | Killed Duvessa
  7547 | D:6      | Reached **** piety under Cheibriados
  7560 | D:6      | Reached skill level 5 in Invocations
  7754 | D:6      | Reached skill level 5 in Spellcasting
  8232 | D:6      | Reached skill level 5 in Short Blades
  8232 | D:6      | Reached skill level 5 in Long Blades
  8232 | D:6      | Reached skill level 5 in Axes
  8232 | D:6      | Reached skill level 5 in Polearms
  8232 | D:6      | Reached skill level 5 in Staves
  8232 | D:6      | Reached skill level 5 in Ranged Weapons
  8232 | D:6      | Reached skill level 5 in Throwing
  8232 | D:6      | Reached skill level 5 in Dodging
  8232 | D:6      | Reached skill level 5 in Stealth
  8232 | D:6      | Reached skill level 5 in Unarmed Combat
  8232 | D:6      | Reached skill level 5 in Evocations
  8233 | D:6      | Reached XP level 10. HP: 79/81 MP: 18/18
  8314 | D:6      | Found a white marble altar of Elyvilon.
  8692 | D:6      | Found a sparkling altar of Nemelex Xobeh.
  9281 | D:8      | Reached ***** piety under Cheibriados
 11372 | D:9      | Found a burning altar of Makhleb.
 11372 | D:9      | Noticed a cacodemon
 11421 | D:9      | Noticed a two-headed ogre
 11433 | D:9      | Killed a two-headed ogre
 11883 | D:9      | Found an ornate altar of the Wu Jian Council.
 12307 | D:9      | Found an ancient bone altar of Kikubaaqudgha.
 12639 | D:9      | Reached skill level 5 in Conjurations
 12639 | D:9      | Reached skill level 5 in Hexes
 12639 | D:9      | Reached skill level 5 in Summonings
 12639 | D:9      | Reached skill level 5 in Necromancy
 12639 | D:9      | Reached skill level 5 in Translocations
 12639 | D:9      | Reached skill level 5 in Transmutations
 12639 | D:9      | Reached skill level 5 in Fire Magic
 12639 | D:9      | Reached skill level 5 in Ice Magic
 12639 | D:9      | Reached skill level 5 in Air Magic
 12639 | D:9      | Reached skill level 5 in Earth Magic
 12639 | D:9      | Reached skill level 5 in Poison Magic
 12647 | D:9      | Reached XP level 11. HP: 89/89 MP: 22/22
 12709 | D:9      | Found a runed translucent door.
 12710 | D:9      | Found a runed translucent door.
 12711 | D:9      | Found a runed translucent door.
 13187 | D:10     | Entered Level 10 of the Dungeon
 13192 | D:10     | Found a flagged portal.
 13210 | Bailey   | Entered a bailey
 13355 | Bailey   | Noticed a two-headed ogre
 13357 | Bailey   | Killed a two-headed ogre
 13361 | Bailey   | Gained mutation: You occasionally shout uncontrollably at
                  | your foes. [potion of mutation]
 13361 | Bailey   | Gained mutation: Your muscles are strong. (Str +4, Int/Dex
                  | -1) [potion of mutation]
 13361 | Bailey   | Gained mutation: You are robust. (+10% HP) [potion of
                  | mutation]
 14624 | D:10     | Noticed Erolcha
 14629 | D:10     | Slain by Erolcha

Illustrated notes

Levels and vault maps discovered:
D:1:      wheals_arrival_shading, layout_loops_corners,
          hellmonk_ecumenical_altar_zigzags, minmay_heptomino_o4
D:2:      layout_basic, serial_shops, nicolae_shop_bloodbath_and_beyond,
          basic_altar, minmay_misc_feat_nine_boxes
D:3:      layout_basic, serial_shops, shop_statue
D:4:      layout_rooms, fedhas_altar_decomposition, roderic_lattice_a,
          uniq_blork_the_orc
D:5:      layout_loops_cross, minmay_temple_entry_ruins, serial_shops,
          shop_statue
D:6:      layout_basic, nemelex_altar_shiori, elyvilon_altar_3,
          serial_park_tiny_2, grunt_ministairs_2,
          chequers_serial_rivers_small_a, minmay_pentangle, uniq_duvessa
D:7:      layout_basic, ashenzari_conservatory_becter, minmay_manual_mares
D:8:      layout_loops_cross, erik_lair_island, minmay_misc_feat_four_crosses
D:9:      minmay_the_grid_triangle_9x9_rhombus_full
          [minmay_the_grid_triangle_9x9_dagger,
          minmay_the_grid_triangle_9x9_impossible_snake,
          minmay_the_grid_triangle_9x9_corrupted_corridor,
          minmay_the_grid_triangle_9x9_flanged_cone,
          minmay_the_grid_triangle_9x9_fully_insulated_deathbox,
          minmay_the_grid_triangle_9x9_cache,
          minmay_the_grid_triangle_9x9_minimal,
          minmay_the_grid_triangle_9x9_prize_center], layout_gridville,
          nicolae_overflow_crystal_walls, makhleb_altar_promises_db,
          mainiacjoe_overflow_six_doors_small
D:10:     cheibrodos_statue_roulette, layout_basic, enter_bailey_2, uniq_erolcha
Temple:   minmay_freezing_vapour_temple

Skill      XL: |  1  2  3  4  5  6  7  8  9 10 11 |
---------------+----------------------------------+-----
Invocations    | 1 2 3 4 5 6 7 |  7.2
Short Blades   | 1 2 3 5 6 |  6.6
Long Blades    | 1 2 3 5 6 |  6.6
Axes           | 1 2 3 5 6 |  6.6
Polearms       | 1 2 3 5 6 |  6.6
Staves         | 1 2 3 5 6 |  6.6
Ranged Weapons | 1 2 3 5 6 |  6.6
Throwing       | 1 2 3 5 6 |  6.6
Dodging        | 1 2 3 5 6 |  6.6
Stealth        | 1 2 3 5 6 |  6.6
Unarmed Combat | 1 2 3 5 6 |  6.6
Spellcasting   | 1 2 3 5 7 8 |  8.3
Evocations     | 1 2 3 5 6 |  6.6
Conjurations   | 1 2 3 4 5 |  5.4
Hexes          | 1 2 3 4 5 |  5.4
Summonings     | 1 2 3 4 5 |  5.4
Necromancy     | 1 2 3 4 5 |  5.4
Translocations | 1 2 3 4 5 |  5.4
Transmutations | 1 2 3 4 5 |  5.4
Fire Magic     | 1 2 3 4 5 |  5.4
Ice Magic      | 1 2 3 4 5 |  5.4
Air Magic      | 1 2 3 4 5 |  5.4
Earth Magic    | 1 2 3 4 5 |  5.4
Poison Magic   | 1 2 3 4 5 |  5.4
Maces & Flails | 5 6 7 8 |  8.1
Fighting       | 7 8 9 |  9.4
Armour         | 7 8 9 |  9.4
Shields        | 7 8 9 |  9.4

Action                     |  1- 3 |  4- 6 |  7- 9 | 10-12 || total
---------------------------+-------+-------+-------+-------++-------
  Melee: Flail             |   132 |   203 |   356 |   282 ||   973
         Bite              |    11 |    20 |    62 |    43 ||   136
 Invoke: Slouch            |       |       |       |     5 ||     5
  Evoke: Wand              |       |     2 |    11 |     2 ||    15
    Use: Potion            |       |     1 |     4 |     7 ||    12
         Scroll            |       |       |    10 |     5 ||    15
   Stab: Distracted        |       |       |       |     1 ||     1
 Armour: Scale mail        |    74 |    45 |       |       ||   119
         Chain mail        |       |    62 |   226 |   147 ||   435
         Skin              |       |       |       |     3 ||     3
  Dodge: Dodged            |    54 |    68 |   170 |   187 ||   479
  Block: Buckler           |    41 |    52 |   134 |   127 ||   354

Table legend: (Time is in decaauts)
 A = Elapsed time spent in this place.
 B = Non-inter-level travel time spent in this place.
 C = Inter-level travel time spent in this place.
 D = Time resting spent in this place.
 E = Time spent auto-exploring this place.
 F = Levels seen in this place.
 G = Mean time per level.
                   A        B        C        D        E       F      G
               +--------+--------+--------+--------+--------+-----+--------+
         Total |  18041 |  17170 |    871 |   5961 |   7865 |  12 | 1503.4 |
       Dungeon |  17443 |  16572 |    871 |   5662 |   7762 |  10 | 1744.3 |
        Temple |     24 |     24 |      0 |      0 |     15 |   1 |   24.0 |
        Bailey |    574 |    574 |      0 |    298 |     87 |   1 |  574.0 |
               +--------+--------+--------+--------+--------+-----+--------+

Top non-repeatable levels by time:
     D:8: 3712 daAuts
     D:9: 2576 daAuts
     D:6: 2364 daAuts
     D:4: 1657 daAuts
     D:3: 1310 daAuts
     D:2: 1201 daAuts
     D:1: 1193 daAuts
     D:5: 1182 daAuts
     D:7: 1180 daAuts
    D:10: 1064 daAuts
  Bailey: 574 daAuts
  Temple: 24 daAuts
